 Dungeon Crawl Stone Soup version 0.22.0-27-ga576289 (webtiles) character file.

1380 Faca the Slicer (level 8, -5/60 HPs)
             Began as a Halfling Abyssal Knight on Aug 23, 2018.
             Was a Priest of Lugonu.
             Splashed by a jelly's acid (11 damage)
             ... on level 6 of the Dungeon.
             The game lasted 00:17:37 (8874 turns).

Faca the Slicer (Halfling Abyssal Knight)           Turns: 8874, Time: 00:17:37

Health: -5/60      AC: -1    Str: 13    XL:     8   Next: 99%
Magic:  8/9        EV: 13    Int: 10    God:    Lugonu [***...]
Gold:   238        SH:  0    Dex: 16    Spells: 7/7 levels left

rFire    . . .     SeeInvis .   a - +1 short sword
rCold    + + .     Gourm    .   (shield restricted)
rNeg     . . .     Faith    .   f - +1 leather armour {rC+}
rPois    .         Spirit   .   h - +1 helmet
rElec    .         Reflect  .   (no cloak)
rCorr    .         Harm     .   (no gloves)
MR       .....                  (no boots)
Stlth    +.........             (no amulet)
HPRegen  0.20/turn              b - ring of protection from cold
MPRegen  0.11/turn              (no ring)

@: corroded
A: small, mutation resistance 1
a: Depart the Abyss, Bend Space, Banish, Renounce Religion


You were on level 6 of the Dungeon.
You worshipped Lugonu.
Lugonu was most pleased with you.
You were not hungry.

You visited 1 branch of the dungeon, and saw 6 of its levels.
You visited the Abyss 1 time.

You collected 261 gold pieces.
You spent 23 gold pieces at shops.

Inventory:

Hand Weapons
 a - a +1 short sword (weapon)
 o - a +2 antimagic dagger
Armour
 f - a +1 leather armour of cold resistance (worn)
 h - a +1 helmet (worn)
Jewellery
 b - a ring of protection from cold (left hand)
 s - an uncursed ring of fire
Wands
 i - a wand of flame (11)
Scrolls
 d - 12 scrolls of remove curse
 e - 2 scrolls of fear {unknown}
 g - a scroll of blinking
 k - 3 scrolls of teleportation
 l - 2 scrolls of fog
 r - a scroll of immolation {unknown}
 x - a scroll of enchant weapon {unknown}
Potions
 j - 2 potions of resistance
 m - a potion of invisibility
 n - 2 potions of haste
 p - 2 potions of curing
 q - a potion of ambrosia
 t - a potion of mutation {unknown}
 u - a potion of might {unknown}
 v - a potion of magic {unknown}
 z - a potion of flight {unknown}
Comestibles
 c - 6 rations


   Skills:
 + Level 7.2 Fighting
 + Level 9.1 Short Blades
 - Level 2.1 Armour
 - Level 1.1 Dodging
 - Level 2.0 Invocations


You had 7 spell levels left.
You didn't know any spells.
Your spell library was empty.

Dungeon Overview and Level Annotations

Branches:
Dungeon (6/15)
 Temple: D:4-7

Altars:
Elyvilon
Kikubaaqudgha
Makhleb
Ru
Sif Muna
Trog
Wu Jian
Xom

Shops:
D:4 (   D:6 }*=

Annotations:
D:3 1 runed door, Vylera's ghost, amateur DsGl


Innate Abilities, Weirdness & Mutations

You are small and have problems with some larger weapons.
You are somewhat resistant to further mutation.


Message History

The jelly hits you. The acid corrodes you!
You are splashed with acid!
The acid burns!
You hit the jelly but do no damage.
Your hands burn!
The jelly is severely wounded.
The jelly closely misses you.
You hit the jelly. The acid corrodes you!
Your hands burn!
The jelly is severely wounded.
You hit the jelly but do no damage.
Your hands burn!
* * * LOW HITPOINT WARNING * * *
The jelly is severely wounded.
The jelly hits you.
* * * LOW HITPOINT WARNING * * *
You are splashed with acid!
The acid burns!
* * * LOW HITPOINT WARNING * * *
There is an open door here.
The jelly jiggles.
Space bends around you!
You blink.
The jelly hits you.
* * * LOW HITPOINT WARNING * * *
You are splashed with acid!
The acid burns!
You die...

#.######.#....[<#'#### #######
#.# #.###...[...... #.....# #.#
#.............. #.....# #†#
#####.[........
#.....#####.##########..........
#..?>.+.........................
#.....##....#########......[....
#.....##.####.....# #.[##.......
#.....##.####..@..####.##.#####.
####........'...J§+....[.(......
##########.....#####.#.######
#.....# #.....# #.....# #.##.##
############# #.##..# ###
..........# #.###.## #..
..........#####o###..# #..
..................##.###..


You could see a jelly.

Vanquished Creatures
  A sky beast (D:5)
  2 ice beasts
  2 centaurs (D:6)
  An ogre (D:5)
  A scorpion (D:4)
  A centaur zombie (D:5)
  2 crimson imps
  An orc priest (D:5)
  A hound (D:5)
  7 orc wizards
  A centaur skeleton (D:6)
  An iguana (D:6)
  A bullfrog skeleton (D:6)
  3 worker ants
  A howler monkey zombie (D:6)
  11 adders
  4 gnolls (D:4)
  A howler monkey skeleton (D:5)
  A shadow imp (D:6)
  3 oozes
  An adder zombie (D:5)
  3 dart slugs
  2 leopard geckos
  24 orcs
  4 giant cockroaches
  5 goblins
  7 hobgoblins
  3 jackals (D:1)
  9 kobolds
  3 quokkas
  A ball python (D:5)
  3 bats
  4 frilled lizards
  A leopard gecko skeleton (D:4)
  A leopard gecko zombie (D:5)
  13 rats
130 creatures vanquished.

Vanquished Creatures (others)
  An orc (D:5)
1 creature vanquished.

Grand Total: 131 creatures vanquished

Notes
Turn   | Place    | Note
-------+----------+-------------------------------------------
     0 | Abyss:1  | Faca the Halfling Abyssal Knight began the quest for the Orb.
     0 | Abyss:1  | Reached XP level 1. HP: 15/15 MP: 2/2
    32 | Abyss:1  | Noticed a smoke demon
    33 | D:1      | Escaped the Abyss
   308 | D:1      | Reached XP level 2. HP: 20/20 MP: 3/3
   447 | D:1      | Reached skill level 3 in Short Blades
   667 | D:1      | Reached * piety under Lugonu
   793 | D:1      | Reached XP level 3. HP: 23/26 MP: 4/4
  1319 | D:2      | Reached XP level 4. HP: 30/31 MP: 5/5
  1331 | D:2      | Reached skill level 4 in Short Blades
  1712 | D:2      | Found a bloodstained altar of Trog.
  1713 | D:2      | Found a deep blue altar of Sif Muna.
  1714 | D:2      | Found a white marble altar of Elyvilon.
  2146 | D:3      | Found a burning altar of Makhleb.
  2173 | D:3      | Found a runed door.
  2177 | D:3      | Noticed Vylera's ghost (amateur DsGl)
  2194 | D:3      | Reached XP level 5. HP: 21/37 MP: 1/6
  2475 | D:3      | Reached skill level 5 in Short Blades
  2810 | D:3      | Reached XP level 6. HP: 22/44 MP: 7/7
  2907 | D:3      | Found a shimmering altar of Xom.
  3327 | D:3      | Reached ** piety under Lugonu
  3336 | D:3      | Found an ornate altar of the Wu Jian Council.
  3411 | D:3      | Found an ancient bone altar of Kikubaaqudgha.
  4107 | D:4      | Found Xunn's Antique Weapon Shoppe.
  4630 | D:4      | Reached skill level 5 in Fighting
  4630 | D:4      | Reached skill level 6 in Short Blades
  4890 | D:4      | Found a sacrificial altar of Ru.
  5165 | D:5      | Entered Level 5 of the Dungeon
  5216 | D:5      | Noticed an ice beast
  5226 | D:5      | Killed an ice beast
  5226 | D:5      | Reached XP level 7. HP: 50/50 MP: 8/8
  5617 | D:5      | Reached skill level 7 in Short Blades
  5995 | D:4      | Reached XP level 8. HP: 25/57 MP: 9/9
  7016 | D:6      | Reached skill level 8 in Short Blades
  7166 | D:6      | Found Emibburak's Assorted Antiques.
  7541 | D:6      | Bought a smoky coppery potion for 23 gold pieces
  7671 | D:6      | Reached *** piety under Lugonu
  8153 | D:6      | Found Holugoo's Gadget Shoppe.
  8636 | D:6      | Found Fosoad's Jewellery Shoppe.
  8691 | D:6      | Reached skill level 9 in Short Blades
  8874 | D:6      | Splashed by a jelly's acid

Skill      XL: |  1  2  3  4  5  6  7  8 |
---------------+-------------------------+-----
Fighting       | 3 4 5 7 |  7.2
Short Blades   | 3 4 5 6 7 9 |  9.1
Armour         | |  2.1
Dodging        | |  1.1
Invocations    | |  2.0

Action                   |  1- 3 |  4- 6 |  7- 9 || total
-------------------------+-------+-------+-------++-------
Melee: Short sword       |   115 |   289 |   350 ||   754
       Dagger            |       |    11 |    42 ||    53
Invok: Depart the Abyss  |     1 |       |       ||     1
       Bend Space        |       |       |     1 ||     1
Evoke: Wand              |       |     4 |     1 ||     5
  Use: Scroll            |       |    11 |     1 ||    12
 Stab: Distracted        |     1 |       |       ||     1
       Sleeping          |       |     1 |       ||     1
  Eat: Chunk             |     1 |     7 |     1 ||     9
       Ration            |       |     2 |     3 ||     5
Armor: Leather armour    |    24 |    50 |    81 ||   155
Dodge: Dodged            |    67 |   166 |   166 ||   399
